 Dungeon Crawl Stone Soup version 0.31.0-11-ge490571c62 (webtiles) character file.

Game seed: 7227875193096731752

1327 ChadusMaximus the Cleaver (level 8, -6/62 HPs)
             Began as a Minotaur Fighter on Feb 9, 2024.
             Was a Follower of Hepliaklqana.
             Mangled by a killer bee (7 damage)
             ... on level 7 of the Dungeon.
             The game lasted 00:03:25 (4230 turns).

ChadusMaximus the Cleaver (Minotaur Fighter)        Turns: 4230, Time: 00:03:26

Health: -6/62      AC: 11    Str: 23    XL:     8   Next: 34%
Magic:  7/7        EV:  9    Int:  5    God:    Hepliaklqana [*.....]
Gold:   195        SH:  5    Dex: 10    Spells: 7/7 levels left

rFire   . . .        a - +0 war axe
rCold   . . .        c - +0 buckler
rNeg    . . .        q - +0 chain mail
rPois   +            (helmet restricted)
rElec   .            r - +0 cloak
rCorr   .            (no gloves)
SInv    .            (no boots)
Will    .....        (no amulet) Stlth
                     f - ring of poison resistance
HPRegen 0.30/turn    (no ring)
MPRegen 0.10/turn

%: no passive effects
@: no status effects
A: reduced essence, horns 2, retaliatory headbutt
a: Renounce Religion, Recall Ancestor, Ancestor Identity


You were on level 7 of the Dungeon.
You worshipped Hepliaklqana.
Hepliaklqana was aware of your devotion.
You visited 1 branch of the dungeon, and saw 7 of its levels.

You collected 195 gold pieces.

Inventory:

Hand Weapons
 a - a +0 war axe (weapon)
Armour
 b - a +0 scale mail
 c - a +0 buckler (worn)
 q - a +0 chain mail (worn)
 r - a +0 cloak (worn)
 t - a +2 pair of boots
Jewellery
 f - a ring of poison resistance (left hand)
 v - a +6 ring of strength
Wands
 x - a wand of polymorph (7)
Scrolls
 g - a scroll of immolation {unknown}
 h - 6 scrolls of identify {unknown}
 i - a scroll of teleportation {unknown}
 k - 4 scrolls of amnesia {unknown}
 l - 2 scrolls of enchant armour {unknown}
 m - 4 scrolls of poison {unknown}
 n - a scroll of noise {unknown}
 p - 3 scrolls of fog {unknown}
 u - a scroll of brand weapon {unknown}
 y - a scroll of revelation {unknown}
 A - a scroll of enchant weapon {unknown}
Potions
 d - 3 potions of might
 e - a potion of cancellation {unknown}
 j - 2 potions of degeneration {unknown}
 o - a potion of curing {unknown}
 s - a potion of lignification {unknown}
 w - a potion of brilliance {unknown}
 z - a potion of haste {unknown}
 B - a potion of mutation {unknown}


   Skills:
 + Level 5.5 Fighting
 + Level 8.7 Axes
 + Level 6.7 Armour
 + Level 2.6 Dodging
 + Level 0.3 Stealth
 + Level 5.5 Shields


You had 7 spell levels left.
You didn't know any spells.
Your spell library contained the following spells:

 Spells                   Type           Power      Damage    Failure   Level
 Freeze                   Ice            0%         1d3       97%         1
 Frozen Ramparts          Ice            0%         1d1       100%        3
 Fugue of the Fallen      Necr           0%         N/A       100%        3
 Hailstorm                Conj/Ice       0%         3d5       100%        3
 Inner Flame              Hex/Fire       0%         N/A       100%        3
 Ozocubu's Armour         Ice            0%         N/A       100%        3
 Volatile Blastmotes      Fire/Tloc      0%         2d10      100%        3
 Fulminant Prism          Conj/Alch      0%         3d5       100%        4
 Iskenderun's Mystic Bla  Conj/Tloc      0%         2d3       100%        4
 Leda's Liquefaction      Alch/Erth      0%         N/A       100%        4
 Manifold Assault         Tloc           0%         N/A       100%        4
 Irradiate                Conj/Alch      0%         3d11      100%        5
 Lee's Rapid Deconstruct  Erth           0%         3d4*      100%        5
 Bombard                  Conj/Erth      0%         9d1       100%        6
 Ignition                 Fire           0%         3d3       100%        8


Dungeon Overview and Level Annotations

Branches:
Dungeon (7/15)             Temple (0/1) D:5

Altars:
Ashenzari
Dithmenos
Hepliaklqana
Okawaru


Innate Abilities, Weirdness & Mutations

Your life essence is reduced to manifest your ancestor. (-10% HP)
You have a pair of horns on your head.
You reflexively headbutt those who attack you in melee.


Message History

Unknown command.
You closely miss the killer bee.
The killer bee is severely wounded.
You barely miss the killer bee.
You feel sick.
The killer bee barely misses you. x2; You block the killer bee's attack.
The killer bee stings you.
You miss the killer bee.
The killer bee is severely wounded.
You completely miss the killer bee.
You feel sick.
The killer bee stings you but does no damage.
The killer bee barely misses you. The killer bee stings you.
The killer bee barely misses you. You furiously retaliate!
You headbutt the killer bee.
Unknown command.
You miss the killer bee. Your headbutt misses the killer bee.
The killer bee is severely wounded.
You hit the killer bee.
You feel sick. The killer bee barely misses you. You furiously retaliate!
You headbutt the killer bee, but do no damage.
The killer bee barely misses you. The killer bee stings you.
* * * LOW HITPOINT WARNING * * *
The killer bee barely misses you. You furiously retaliate!
You headbutt the killer bee. The killer bee completely misses you.
The killer bee closely misses you. You furiously retaliate!
You headbutt the killer bee.
You kill the killer bee!
You barely miss the killer bee. Your headbutt misses the killer bee.
The killer bee is severely wounded.
You feel sick. The killer bee stings you.
* * * LOW HITPOINT WARNING * * *
The killer bee stings you but does no damage. x2
You closely miss the killer bee. Your headbutt misses the killer bee.
The killer bee is severely wounded.
You hit the killer bee.
You feel sick.
You are no longer poisoned.
The killer bee stings you but does no damage.
The killer bee misses you. The killer bee stings you!
* * * LOW HITPOINT WARNING * * *
The killer bee stings you!
You die...

####....#
#.....^.#
#.......#
#.......#
+.......#
#.......#
#.......#
####@#
####..yy##
...........#
...........#
...........#
..........<#
....##.....#
.... #.....#
...........#


You could see 2 killer bees.

Vanquished Creatures
  2 yaks (D:6)
  An ice beast (D:6)
  A black bear (D:5)
  2 phantoms
  A bullfrog (D:6)
  A scorpion (D:4)
  3 killer bees (D:7)
  A howler monkey (D:6)
  A bombardier beetle (D:4)
  4 hounds
  2 iguanas (D:5)
  An orc wizard (D:6)
  6 adders
  A white imp (D:5)
  2 ufetubi (D:6)
  4 dart slugs
  6 orcs
  3 endoplasms
  5 goblins
  6 hobgoblins
  8 jackals
  5 kobolds
  7 quokkas
  7 ball pythons
  10 bats
  A frilled lizard (D:3)
  5 rats
96 creatures vanquished.

Vanquished Creatures (collateral kills)
  An orc wizard (D:6)
  An orc (D:6)
2 creatures vanquished.

Vanquished Creatures (others)
  2 ancestors
2 creatures vanquished.

Grand Total: 100 creatures vanquished

Notes
Turn   | Place    | Note
-------+----------+-------------------------------------------
     0 | D:1      | ChadusMaximus the Minotaur Fighter began the quest for the
                  | Orb.
     0 | D:1      | Reached XP level 1. HP: 19/19 MP: 0/0
   130 | D:1      | Reached XP level 2. HP: 27/27 MP: 1/1
   331 | D:1      | Found a faded altar of an unknown god.
   492 | D:1      | Reached XP level 3. HP: 30/33 MP: 2/2
   567 | D:1      | Reached skill level 3 in Axes
  1719 | D:3      | Reached XP level 4. HP: 40/40 MP: 3/3
  2381 | D:4      | Noticed a scorpion
  2389 | D:4      | Killed a scorpion
  2390 | D:4      | Reached skill level 4 in Axes
  2390 | D:4      | Reached XP level 5. HP: 41/46 MP: 4/4
  2564 | D:4      | Found a hazy altar of Hepliaklqana.
  2595 | D:4      | Became a worshipper of Hepliaklqana the Forgotten
  2708 | D:4      | Reached skill level 1 in Dodging
  2941 | D:4      | Found an iron altar of Okawaru.
  3011 | D:4      | Reached skill level 5 in Axes
  3280 | D:5      | Entered Level 5 of the Dungeon
  3280 | D:5      | Noticed a phantom
  3282 | D:5      | Noticed a black bear
  3286 | D:5      | Found a broken altar of Ashenzari.
  3289 | D:5      | Killed a phantom
  3290 | D:5      | Reached skill level 5 in Armour
  3290 | D:5      | Reached XP level 6. HP: 41/53 MP: 5/5
  3455 | D:5      | Reached * piety under Hepliaklqana
  3462 | D:5      | Reached skill level 6 in Axes
  3523 | D:5      | Found a shadowy altar of Dithmenos.
  3539 | D:5      | Found a staircase to the Ecumenical Temple.
  3631 | D:5      | Reached XP level 7. HP: 54/54 MP: 6/6
  3890 | D:6      | Reached skill level 5 in Shields
  4036 | D:6      | Reached skill level 7 in Axes
  4054 | D:6      | Noticed a yak
  4055 | D:6      | Reached skill level 5 in Fighting
  4055 | D:6      | Noticed a yak
  4055 | D:6      | Noticed a yak
  4055 | D:6      | Noticed a yak
  4105 | D:6      | Noticed a yak
  4112 | D:6      | Noticed a yak
  4115 | D:6      | Killed a yak
  4119 | D:6      | Killed a yak
  4120 | D:6      | Reached skill level 8 in Axes
  4120 | D:6      | Reached XP level 8. HP: 35/62 MP: 7/7
  4230 | D:7      | HP: 1/62 [killer bee (7)]
  4230 | D:7      | Mangled by a killer bee

Illustrated notes

Levels and vault maps discovered:
D:1:      dpeg_arrival_long_road, layout_loops_cross,
          hellmonk_ecumenical_altar_pennies_from_heaven
D:2:      layout_loops_corners
D:3:      layout_loops_ring, hex_tiny
D:4:      layout_basic, worldfamousw_hep_ancestral_shrine, lemuel_tele_altar,
          serial_bayou_pond_e
D:5:      layout_loops_ring, mainiacjoe_overflow_surrounded_room,
          evilmike_ruin_ashenzari, minmay_temple_entry_slanted
D:6:      minmay_angry_zag, layout_basic, mainiacjoe_overflow_chevrons,
          chequers_avenue
D:7:      layout_gridville, serial_rivers, chequers_serial_rivers_room_b,
          chequers_serial_rivers_small_a, chequers_serial_rivers_small_3,
          chequers_serial_rivers_large_b, chequers_serial_rivers_room_a,
          grunt_decor_mini_mirrors

Skill      XL: |  1  2  3  4  5  6  7 |
---------------+----------------------+-----
Armour         | 4 5 6 |  6.7
Fighting       | 4 5 |  5.5
Shields        | 4 5 |  5.5
Axes           | 3 4 5 6 8 |  8.7
Dodging        | 1 2 |  2.6
Stealth        | |  0.3

Action                     |  1- 3 |  4- 6 |  7- 9 || total
---------------------------+-------+-------+-------++-------
  Melee: War axe           |    89 |    81 |    62 ||   232
         Headbutt          |    15 |    16 |    15 ||    46
 Armour: Scale mail        |    72 |    17 |       ||    89
         Chain mail        |       |    42 |    72 ||   114
  Dodge: Dodged            |    64 |    30 |    46 ||   140
  Block: Buckler           |    27 |    22 |    15 ||    64
